 Dungeon Crawl Stone Soup version 0.29.0-4-gdea44cf6ec (webtiles) character file.

Game seed: 15678539108021005527

13286 qw the Brawler (level 11, 0/107 HPs)
             Began as a Troll Cinder Acolyte on Sept 2, 2022.
             Was an Initiate of Ignis.
             Slain by a yak (8 damage)
             ... on level 2 of the Lair of Beasts.
             The game lasted 00:03:57 (7110 turns).

qw the Brawler (Troll Cinder Acolyte)               Turns: 7110, Time: 00:03:57

Health: 0/107      AC: 13    Str: 34    XL:     11   Next: 73%
Magic:  0/11       EV: 13    Int: 10    God:    Ignis [......]
Gold:   522        SH:  0    Dex:  5    Spells: 12/12 levels left

rFire   + . .      SeeInvis .     - Unarmed
rCold   . . .      Faith    .   (no shield)
rNeg    . . .      Spirit   +   a - +0 robe
rPois   .          Reflect  .   (helmet restricted)
rElec   .          Harm     .   g - +1 cloak
rCorr   .          Rampage  .   (gloves unavailable)
Will    .....                   (boots unavailable)
Stlth   +.........              h - amulet of guardian spirit
HPRegen 1.07/turn               j - +4 ring of evasion
MPRegen 0.12/turn               m - +6 ring of strength

@: about to teleport, fiery-armoured
A: large, unfitting armour, claws 3, regeneration 1, shaggy fur 1, tough skin 1
a: Renounce Religion, Rising Flame


You were on level 2 of the Lair of Beasts.
You worshipped Ignis.
Ignis was noncommittal.
You visited 2 branches of the dungeon, and saw 10 of its levels.

You collected 522 gold pieces.


Innate Abilities, Weirdness & Mutations

You are too large for most types of armour.
You have claws for hands.
Your natural rate of healing is unusually fast.
You are covered in fur. (AC +1)
You have tough skin. (AC +1)


   Skills:
 + Level 6.4 Fighting
 - Level 6.1 Throwing
 - Level 1.2 Armour
 - Level 2.1 Dodging
 - Level 16.0 Unarmed Combat
 - Level 1.0 Spellcasting
 - Level 2.1 Fire Magic


You had 12 spell levels left.
You didn't know any spells.
Your spell library contained the following spells:

 Spells                   Type           Power      Damage    Failure   Level
 Scorch                   Fire           8%         2d5       22%         2

Inventory:

Missiles
 k - a large rock (quivered)
Armour
 a - a +0 robe (worn)
 g - a +1 cloak (worn)
Jewellery
 h - an amulet of guardian spirit (around neck)
 j - a +4 ring of evasion (left claw)
 m - a +6 ring of strength (right claw)
Scrolls
 c - a scroll of vulnerability {unknown}
 l - 2 scrolls of identify
 n - 4 scrolls of teleportation
Potions
 b - 5 potions of heal wounds
 d - 5 potions of curing
 e - a potion of haste
 f - a potion of cancellation
 o - a potion of might
 q - a potion of mutation
 r - a potion of degeneration {unknown}

Dungeon Overview and Level Annotations

Branches:
Dungeon (8/15)             Temple (0/1) D:7            Lair (2/5) D:8
 Spider (0/4) Lair:2
  Swamp: Lair:2-3    Shoals: Lair:2-3

Altars:
Ashenzari
Gozag
Hepliaklqana
Kikubaaqudgha
Makhleb
Okawaru
Trog
Uskayaw
Yredelemnul
Zin
The Shining One


Message History

You kill the yak!
The yak gores you but does no damage.
The yak is burned by your cloak of flames.
The yak is moderately wounded.
The yak gores you but does no damage.
Your Unarmed Combat skill increases to level 16!
You barely miss the yak. You claw the yak.
The yak is moderately wounded.
The yak gores you but does no damage.
The yak is burned by your cloak of flames.
The yak is heavily wounded.
The yak completely misses you. The lindwurm bites you!
The lindwurm is burned by your cloak of flames.
The lindwurm is lightly wounded.
The lindwurm claws you but does no damage.
The lindwurm is burned by your cloak of flames.
The lindwurm is lightly wounded.
The lindwurm barely misses you.
You mangle the yak!!
You kill the yak!
You barely miss the yak. You claw the yak!!
The yak is almost dead.
The lindwurm bites you.
The lindwurm is burned by your cloak of flames.
The lindwurm is lightly wounded.
The lindwurm claws you but does no damage. x2
The lindwurm is burned by your cloak of flames.
The lindwurm is moderately wounded.
The yak gores you!
The yak is burned by your cloak of flames.
The yak is almost dead.
You closely miss the yak. You claw the yak.
You kill the yak!
The lindwurm breathes flames at you. The blast of flame hits you!! You resist.
The yak barely misses you.
7110 ||| READING 5 scrolls of teleportation.
As you read the scroll of teleportation, it crumbles to dust.
You feel strangely unstable.
The lindwurm closely misses you. x2; The lindwurm claws you!
The yak gores you!
You die...

#########
#@k......
#Y%....#.
#........
P.......>
##........
#........
#........
..
###......
..# ##....
...###


You could see a lindwurm (catching breath) and a yak.

Vanquished Creatures
  Erica (Lair:2)
  Pikel (D:7)
  A black mamba (Lair:2)
  6 elephants (Lair:1)
  3 cane toads (Lair:1)
  3 komodo dragons
  A hornet (Lair:2)
  4 blink frogs (Lair:1)
  3 wyverns
  19 yaks
  4 basilisks
  Menkaure (D:5)
  11 water moccasins
  2 ice beasts
  A sky beast (D:7)
  A black bear (D:5)
  3 ogres
  A centaur (D:6)
  2 lemures (D:7)
  2 bullfrogs
  3 necrophages
  A kobold brigand (D:8)
  5 scorpions
  2 electric eels (Lair:1)
  2 howler monkeys
  A quasit (D:6)
  3 jellies
  A gnoll bouda (D:5)
  3 orc priests
  2 hounds
  5 iguanas
  3 orc wizards (D:5)
  7 gnolls
  6 adders
  A shadow imp (D:8)
  A white imp (D:6)
  An ufetubus (D:6)
  2 dart slugs
  25 orcs
  4 endoplasms
  2 giant cockroaches (D:1)
  12 goblins
  12 hobgoblins
  10 jackals
  12 kobolds
  3 quokkas
  10 ball pythons
  5 bats
  2 frilled lizards
  2 goblin skeletons (D:6)
  2 orc skeletons (D:6)
  2 orc zombies (D:6)
  4 rats
226 creatures vanquished.

Vanquished Creatures (others)
  5 fungi
  20 plants
25 creatures vanquished.

Grand Total: 251 creatures vanquished

Notes
Turn   | Place    | Note
-------+----------+-------------------------------------------
     0 | D:1      | qw the Troll Cinder Acolyte began the quest for the Orb.
     0 | D:1      | Reached XP level 1. HP: 22/22 MP: 1/1
     0 | D:1      | 0 ||| qw: Version: 0.1-a-97-g2dd2ca4
     0 | D:1      | 0 ||| qw: Game counter: 4926
     0 | D:1      | 0 ||| qw: Always use a shield: true
     0 | D:1      | 0 ||| qw: God list: Okawaru
     0 | D:1      | 0 ||| qw: Allow faded altars: false
     0 | D:1      | 0 ||| qw: Do Orc after D:15 true
     0 | D:1      | 0 ||| qw: Do second Lair branch before Depths: true
     0 | D:1      | 0 ||| qw: Lair rune preference: random
     0 | D:1      | 0 ||| qw: Plans: Normal
     0 | D:1      | 0 ||| PLANNING D:1-11
   214 | D:1      | Reached XP level 2. HP: 27/29 MP: 2/2
   294 | D:1      | 294 ||| Stepping ~*~*~tactically~*~*~ (stealth).
   421 | D:1      | 421 ||| Stepping ~*~*~tactically~*~*~ (outnumbered).
   499 | D:1      | Reached skill level 4 in Unarmed Combat
   801 | D:1      | Reached XP level 3. HP: 36/36 MP: 3/3
   811 | D:1      | 811 ||| READING scroll labelled RATWUK AWKUME.
   812 | D:1      | 812 ||| DRINKING 3 emerald potions.
   813 | D:1      | 813 ||| DRINKING 3 purple potions.
   814 | D:1      | 814 ||| DRINKING 2 blue potions.
   862 | D:2      | Found a faded altar of an unknown god.
   893 | D:2      | 893 ||| Stepping ~*~*~tactically~*~*~ (hiding).
   894 | D:2      | 894 ||| Stepping ~*~*~tactically~*~*~ (hiding).
  1019 | D:2      | 1019 ||| Stepping ~*~*~tactically~*~*~ (stealth).
  1092 | D:2      | 1092 ||| Stepping ~*~*~tactically~*~*~ (outnumbered).
  1380 | D:2      | 1380 ||| READING scroll labelled ALUILIPROREI.
  1385 | D:2      | 1385 ||| READING 3 scrolls labelled XIMEWA RAISULO.
  1386 | D:2      | 1386 ||| READING scroll labelled ORUQENT ZABA.
  1387 | D:2      | 1387 ||| READING scroll labelled SOMUUS DETUWNO.
  1388 | D:2      | 1388 ||| DROPPING 2 scrolls of blinking.
  1423 | D:3      | 1423 ||| Stepping ~*~*~tactically~*~*~ (stealth).
  1429 | D:3      | Reached XP level 4. HP: 44/44 MP: 4/4
  1510 | D:3      | Reached skill level 5 in Unarmed Combat
  1674 | D:3      | Found an ancient bone altar of Kikubaaqudgha.
  1720 | D:3      | 1720 ||| INVOKING Fiery Armour.
  1725 | D:3      | 1725 ||| Stepping ~*~*~tactically~*~*~ (outnumbered).
  1772 | D:3      | Noticed an ogre
  1780 | D:3      | Killed an ogre
  1781 | D:3      | Reached skill level 6 in Unarmed Combat
  1781 | D:3      | Reached XP level 5. HP: 50/50 MP: 5/5
  1809 | D:3      | 1809 ||| READING scroll labelled LOUNWA SIBBYO.
  1810 | D:3      | 1810 ||| READING scroll labelled BEUFUA REFUDD.
  1911 | D:3      | 1911 ||| READING scroll labelled BIURGH BADGHUVVUD.
  1912 | D:3      | 1912 ||| READING scroll labelled DINNAMOJIM.
  1913 | D:3      | 1913 ||| READING scroll labelled NOJ WAUGABRITE.
  1914 | D:3      | 1914 ||| Stepping randomly (stuck).
  1915 | D:3      | 1915 ||| Stepping ~*~*~tactically~*~*~ (cloud).
  1975 | D:4      | Found an opulent altar of Gozag.
  2013 | D:4      | 2013 ||| Stepping ~*~*~tactically~*~*~ (hiding).
  2020 | D:4      | Noticed an ogre
  2026 | D:4      | Killed an ogre
  2027 | D:4      | Reached XP level 6. HP: 32/59 MP: 6/6
  2226 | D:4      | Found a bloodstained altar of Trog.
  2328 | D:4      | Found a broken altar of Ashenzari.
  2632 | D:4      | 2632 ||| Stepping ~*~*~tactically~*~*~ (stealth).
  2639 | D:4      | 2639 ||| Stepping ~*~*~tactically~*~*~ (outnumbered).
  2643 | D:4      | 2643 ||| INVOKING Fiery Armour.
  2647 | D:4      | Reached skill level 7 in Unarmed Combat
  2648 | D:4      | 2648 ||| Stepping ~*~*~tactically~*~*~ (outnumbered).
  2650 | D:4      | 2650 ||| Stepping ~*~*~tactically~*~*~ (outnumbered).
  2657 | D:4      | Noticed a water moccasin
  2658 | D:4      | 2658 ||| Stepping ~*~*~tactically~*~*~ (stealth).
  2677 | D:4      | Killed a water moccasin
  2678 | D:4      | Reached XP level 7. HP: 52/66 MP: 7/7
  2841 | D:5      | Entered Level 5 of the Dungeon
  2847 | D:5      | 2847 ||| Stepping ~*~*~tactically~*~*~ (outnumbered).
  2848 | D:5      | 2848 ||| Stepping ~*~*~tactically~*~*~ (outnumbered).
  2849 | D:5      | 2849 ||| Stepping ~*~*~tactically~*~*~ (outnumbered).
  2852 | D:5      | 2852 ||| Stepping ~*~*~tactically~*~*~ (outnumbered).
  2857 | D:5      | Reached skill level 8 in Unarmed Combat
  2906 | D:5      | Found a basalt altar of Yredelemnul.
  2917 | D:5      | Reached skill level 3 in Fighting
  2927 | D:5      | Found a glowing silver altar of Zin.
  2943 | D:5      | Found a burning altar of Makhleb.
  2993 | D:5      | 2993 ||| Stepping ~*~*~tactically~*~*~ (outnumbered).
  2995 | D:5      | 2995 ||| INVOKING Fiery Armour.
  2998 | D:5      | 2998 ||| Stepping ~*~*~tactically~*~*~ (outnumbered).
  3000 | D:5      | Reached skill level 3 in Throwing
  3001 | D:5      | Reached XP level 8. HP: 48/75 MP: 8/8
  3001 | D:5      | 3001 ||| Stepping ~*~*~tactically~*~*~ (outnumbered).
  3002 | D:5      | 3002 ||| Stepping ~*~*~tactically~*~*~ (outnumbered).
  3003 | D:5      | 3003 ||| Stepping ~*~*~tactically~*~*~ (outnumbered).
  3004 | D:5      | 3004 ||| Stepping ~*~*~tactically~*~*~ (outnumbered).
  3005 | D:5      | 3005 ||| Stepping ~*~*~tactically~*~*~ (outnumbered).
  3007 | D:5      | 3007 ||| FLEEEEING.
  3010 | D:5      | 3010 ||| FLEEEEING.
  3018 | D:5      | 3018 ||| FLEEEEING.
  3019 | D:5      | 3019 ||| FLEEEEING.
  3020 | D:5      | 3020 ||| FLEEEEING.
  3021 | D:5      | 3021 ||| FLEEEEING.
  3059 | D:5      | 3059 ||| Stepping ~*~*~tactically~*~*~ (stealth).
  3068 | D:5      | 3068 ||| Stepping ~*~*~tactically~*~*~ (hiding).
  3202 | D:5      | Reached skill level 9 in Unarmed Combat
  3234 | D:5      | Noticed Menkaure
  3235 | D:5      | 3235 ||| Stepping ~*~*~tactically~*~*~ (hiding).
  3239 | D:5      | 3239 ||| Stepping ~*~*~tactically~*~*~ (hiding).
  3243 | D:5      | Killed Menkaure
  3731 | D:5      | 3731 ||| UPGRADING to amulet of guardian spirit.
  3736 | D:5      | 3736 ||| UPGRADING to +4 ring of evasion.
  3737 | D:5      | 3737 ||| UPGRADING to +6 ring of strength.
  3738 | D:5      | 3738 ||| DRINKING 2 fuming red potions.
  3739 | D:5      | 3739 ||| READING 2 scrolls of identify.
  3739 | D:5      | 3739 ||| IDENTIFYING ruby potion
  3740 | D:5      | 3740 ||| DROPPING potion of attraction.
  3741 | D:5      | 3741 ||| DROPPING potion of brilliance.
  3825 | D:6      | 3825 ||| Stepping ~*~*~tactically~*~*~ (stealth).
  3830 | D:6      | 3830 ||| Stepping ~*~*~tactically~*~*~ (outnumbered).
  3836 | D:6      | 3836 ||| Stepping ~*~*~tactically~*~*~ (stealth).
  3840 | D:6      | 3840 ||| Stepping ~*~*~tactically~*~*~ (stealth).
  3846 | D:6      | 3846 ||| Stepping ~*~*~tactically~*~*~ (stealth).
  3847 | D:6      | 3847 ||| Stepping ~*~*~tactically~*~*~ (stealth).
  3848 | D:6      | 3848 ||| Stepping ~*~*~tactically~*~*~ (stealth).
  3851 | D:6      | 3851 ||| Stepping ~*~*~tactically~*~*~ (stealth).
  3906 | D:6      | 3906 ||| Stepping ~*~*~tactically~*~*~ (stealth).
  3910 | D:6      | Found a glowing golden altar of the Shining One.
  3911 | D:6      | 3911 ||| Stepping ~*~*~tactically~*~*~ (stealth).
  3913 | D:6      | 3913 ||| Stepping ~*~*~tactically~*~*~ (stealth).
  3928 | D:6      | 3928 ||| Stepping ~*~*~tactically~*~*~ (stealth).
  3996 | D:6      | Found an iron altar of Okawaru.
  4076 | D:6      | 4076 ||| Stepping ~*~*~tactically~*~*~ (hiding).
  4077 | D:6      | 4077 ||| Stepping ~*~*~tactically~*~*~ (hiding).
  4078 | D:6      | 4078 ||| Stepping ~*~*~tactically~*~*~ (hiding).
  4085 | D:6      | Reached skill level 10 in Unarmed Combat
  4165 | D:6      | 4165 ||| Stepping ~*~*~tactically~*~*~ (stealth).
  4202 | D:6      | 4202 ||| Stepping ~*~*~tactically~*~*~ (hiding).
  4434 | D:6      | 4434 ||| UPGRADING to +1 cloak.
  4439 | D:6      | 4439 ||| READING scroll labelled XUOC HAAXTUUFU.
  4440 | D:6      | 4440 ||| READING scroll labelled HAZUXU SILADDIBBE.
  4505 | D:7      | 4505 ||| Stepping ~*~*~tactically~*~*~ (hiding).
  4511 | D:7      | 4511 ||| INVOKING Fiery Armour.
  4516 | D:7      | 4516 ||| FLEEEEING.
  4517 | D:7      | 4517 ||| FLEEEEING.
  4518 | D:7      | 4518 ||| FLEEEEING.
  4519 | D:7      | 4519 ||| FLEEEEING.
  4520 | D:7      | 4520 ||| STAIRDANCE
  4539 | D:7      | Reached XP level 9. HP: 80/84 MP: 7/9
  4624 | D:7      | 4624 ||| Stepping ~*~*~tactically~*~*~ (stealth).
  4743 | D:7      | Found a hide-covered altar of Uskayaw.
  4749 | D:7      | Found a hazy altar of Hepliaklqana.
  4855 | D:7      | Noticed Pikel
  4865 | D:7      | Killed Pikel
  4866 | D:7      | Reached skill level 11 in Unarmed Combat
  4965 | D:7      | Found a staircase to the Ecumenical Temple.
  4986 | D:7      | 4986 ||| DROPPING +6 ring of dexterity.
  4987 | D:7      | 4987 ||| DROPPING ring of magical power.
  4988 | D:7      | 4988 ||| READING 2 scrolls of identify.
  4988 | D:7      | 4988 ||| IDENTIFYING bubbling dark potion
  5281 | D:8      | 5281 ||| INVOKING Fiery Armour.
  5283 | D:8      | Reached skill level 12 in Unarmed Combat
  5299 | D:8      | 5299 ||| FLEEEEING.
  5300 | D:8      | 5300 ||| FLEEEEING.
  5301 | D:8      | 5301 ||| FLEEEEING.
  5330 | D:8      | 5330 ||| Stepping ~*~*~tactically~*~*~ (stealth).
  5362 | D:8      | 5362 ||| Stepping ~*~*~tactically~*~*~ (hiding).
  5367 | D:8      | 5367 ||| DRINKING 3 potions of cancellation.
  5370 | D:8      | 5370 ||| FLEEEEING.
  5387 | D:8      | Found a staircase to the Lair.
  5395 | D:8      | 5395 ||| INVOKING Fiery Armour.
  5400 | D:8      | 5400 ||| Stepping ~*~*~tactically~*~*~ (outnumbered).
  5403 | D:8      | 5403 ||| Stepping ~*~*~tactically~*~*~ (outnumbered).
  5404 | D:8      | 5404 ||| Stepping ~*~*~tactically~*~*~ (outnumbered).
  5410 | D:8      | Reached XP level 10. HP: 96/96 MP: 8/10
  5477 | D:8      | 5477 ||| Stepping ~*~*~tactically~*~*~ (stealth).
  5480 | D:8      | 5480 ||| Stepping ~*~*~tactically~*~*~ (stealth).
  5482 | D:8      | 5482 ||| Stepping ~*~*~tactically~*~*~ (hiding).
  5484 | D:8      | 5484 ||| Stepping ~*~*~tactically~*~*~ (hiding).
  5848 | D:8      | 5848 ||| PLANNING LAIR
  5898 | Lair:1   | Entered Level 1 of the Lair of Beasts
  5902 | Lair:1   | Noticed a cane toad
  5903 | Lair:1   | 5903 ||| Stepping ~*~*~tactically~*~*~ (stealth).
  5905 | Lair:1   | Noticed a cane toad
  5906 | Lair:1   | 5906 ||| INVOKING Fiery Armour.
  5909 | Lair:1   | Killed a cane toad
  5912 | Lair:1   | Killed a cane toad
  5913 | Lair:1   | Reached skill level 13 in Unarmed Combat
  5916 | Lair:1   | Reached skill level 1 in Armour
  6019 | Lair:1   | 6019 ||| Stepping ~*~*~tactically~*~*~ (stealth).
  6020 | Lair:1   | 6020 ||| Stepping ~*~*~tactically~*~*~ (stealth).
  6024 | Lair:1   | 6024 ||| Stepping ~*~*~tactically~*~*~ (outnumbered).
  6026 | Lair:1   | 6026 ||| Stepping ~*~*~tactically~*~*~ (outnumbered).
  6027 | Lair:1   | 6027 ||| Stepping ~*~*~tactically~*~*~ (outnumbered).
  6028 | Lair:1   | 6028 ||| Stepping ~*~*~tactically~*~*~ (outnumbered).
  6029 | Lair:1   | 6029 ||| Stepping ~*~*~tactically~*~*~ (outnumbered).
  6033 | Lair:1   | 6033 ||| Stepping ~*~*~tactically~*~*~ (outnumbered).
  6034 | Lair:1   | 6034 ||| Stepping ~*~*~tactically~*~*~ (outnumbered).
  6035 | Lair:1   | 6035 ||| Stepping ~*~*~tactically~*~*~ (outnumbered).
  6036 | Lair:1   | 6036 ||| Stepping ~*~*~tactically~*~*~ (outnumbered).
  6037 | Lair:1   | 6037 ||| Stepping ~*~*~tactically~*~*~ (outnumbered).
  6039 | Lair:1   | Reached skill level 14 in Unarmed Combat
  6041 | Lair:1   | 6041 ||| INVOKING Fiery Armour.
  6252 | Lair:1   | Noticed an elephant
  6252 | Lair:1   | Noticed an elephant
  6252 | Lair:1   | Noticed an elephant
  6252 | Lair:1   | Noticed an elephant
  6252 | Lair:1   | Noticed an elephant
  6253 | Lair:1   | 6253 ||| Stepping ~*~*~tactically~*~*~ (stealth).
  6253 | Lair:1   | Noticed an elephant
  6254 | Lair:1   | 6254 ||| Stepping ~*~*~tactically~*~*~ (stealth).
  6256 | Lair:1   | 6256 ||| Stepping ~*~*~tactically~*~*~ (stealth).
  6260 | Lair:1   | 6260 ||| INVOKING Fiery Armour.
  6264 | Lair:1   | Killed an elephant
  6265 | Lair:1   | Reached skill level 6 in Fighting
  6268 | Lair:1   | Killed an elephant
  6270 | Lair:1   | Killed an elephant
  6271 | Lair:1   | Reached XP level 11. HP: 93/105 MP: 8/11
  6275 | Lair:1   | Reached skill level 6 in Throwing
  6361 | Lair:1   | 6361 ||| DRINKING 2 potions of cancellation.
  6470 | Lair:1   | 6470 ||| Stepping ~*~*~tactically~*~*~ (stealth).
  6478 | Lair:1   | 6478 ||| Stepping ~*~*~tactically~*~*~ (stealth).
  6479 | Lair:1   | 6479 ||| INVOKING Fiery Armour.
  6796 | Lair:1   | 6796 ||| READING scroll labelled YNICRE YJANIL.
  6797 | Lair:1   | 6797 ||| READING scroll labelled CESUN XU AHINIXA.
  6798 | Lair:1   | 6798 ||| READING 5 scrolls of identify.
  6798 | Lair:1   | 6798 ||| IDENTIFYING pink potion
  6799 | Lair:1   | 6799 ||| READING 4 scrolls of identify.
  6799 | Lair:1   | 6799 ||| IDENTIFYING grey potion
  6800 | Lair:1   | 6800 ||| READING 3 scrolls of identify.
  6800 | Lair:1   | 6800 ||| IDENTIFYING green potion
  6801 | Lair:1   | 6801 ||| READING 2 scrolls of identify.
  6801 | Lair:1   | 6801 ||| IDENTIFYING bubbling ruby potion
  6802 | Lair:1   | 6802 ||| DROPPING potion of flight.
  6803 | Lair:1   | 6803 ||| DROPPING potion of ambrosia.
  6835 | Lair:2   | Noticed Erica
  6836 | Lair:2   | 6836 ||| INVOKING Fiery Armour.
  6848 | Lair:2   | 6848 ||| FLEEEEING.
  6851 | Lair:2   | 6851 ||| STAIRDANCE
  6851 | Lair:2   | Killed Erica
  6852 | Lair:2   | Reached skill level 15 in Unarmed Combat
  6909 | Lair:2   | 6909 ||| Stepping ~*~*~tactically~*~*~ (outnumbered).
  6910 | Lair:2   | 6910 ||| Stepping ~*~*~tactically~*~*~ (outnumbered).
  6911 | Lair:2   | 6911 ||| Stepping ~*~*~tactically~*~*~ (outnumbered).
  6912 | Lair:2   | 6912 ||| Stepping ~*~*~tactically~*~*~ (outnumbered).
  6913 | Lair:2   | 6913 ||| Stepping ~*~*~tactically~*~*~ (outnumbered).
  6914 | Lair:2   | 6914 ||| Stepping ~*~*~tactically~*~*~ (outnumbered).
  7088 | Lair:2   | Found a hole to the Spider Nest.
  7088 | Lair:2   | Noticed a lindwurm
  7089 | Lair:2   | 7089 ||| INVOKING Fiery Armour.
  7103 | Lair:2   | 7103 ||| Stepping ~*~*~tactically~*~*~ (outnumbered).
  7106 | Lair:2   | Reached skill level 16 in Unarmed Combat
  7109 | Lair:2   | HP: 14/105 [lindwurm/blast of flame (18)]
  7110 | Lair:2   | 7110 ||| READING 5 scrolls of teleportation.
  7110 | Lair:2   | Slain by a yak

Levels and vault maps discovered:
D:1:      scummos_arrival_simple_fountains, layout_basic,
          kennysheep_another_room, minmay_misc_feat_room,
          chequers_serial_rivers_small_a
D:2:      layout_rooms, shapermc_ecumenical_altar_venn
D:3:      layout_rooms, lemuel_crystal_altar,
          nicolae_concentric_dashed_squares_mild, minmay_ogre_servants
D:4:      minmay_opposing_rooms, layout_loops_ring, kennysheep_mini,
          nicolae_ashenzari_skybound,
          nicolae_gozag_cash_rules_everything_around_me
D:5:      layout_basic, mainiacjoe_overflow_tiny_flanked,
          general_overflow_altar, lightli_temple_of_fire, uniq_menkaure
D:6:      layout_rooms, nicolae_tso_besieged_by_evil, lemuel_tele_altar
D:7:      layout_rooms, gammafunk_temple_overflow_pools,
          minmay_temple_entry_grid, uniq_pikel
D:8:      layout_gridville, minmay_lair_entry_grove, skrybe_limestone_x
Lair:1:   layout_regular_city, disabler_island
Lair:2:   layout_hall_layers, dummy_spider_entry, amcnicky_mini_pool_medium,
          uniq_erica

Skill      XL: |  1  2  3  4  5  6  7  8  9 10 11 |
---------------+----------------------------------+-----
Unarmed Combat | 4 6 7 8 10 12 14 16 | 16.0
Throwing       | 2 3 4 5 6 |  6.1
Fighting       | 3 4 5 6 |  6.4
Dodging        | 2 |  2.1
Armour         | 1 |  1.2
Spellcasting   | |  1.0
Fire Magic     | |  2.1

Action                   |  1- 3 |  4- 6 |  7- 9 | 10-12 || total
-------------------------+-------+-------+-------+-------++-------
Melee: Unarmed           |   100 |    82 |   175 |   143 ||   500
       Punch             |       |     1 |     3 |    14 ||    18
Throw: Boomerang         |    21 |     2 |     2 |       ||    25
       Large rock        |       |    20 |    44 |    29 ||    93
Invok: Fiery Armour      |       |     2 |     4 |     6 ||    12
  Use: Scroll            |     5 |     5 |     4 |     7 ||    21
       Potion            |     3 |       |     2 |     1 ||     6
Armor: Robe              |    34 |    25 |    63 |    54 ||   176
Dodge: Dodged            |    36 |    48 |    99 |    83 ||   266

Table legend:
 A = Non-vault XP
 B = Vault XP
 C = Vault XP percentage of total XP
 D = Non-vault monster count
 E = Vault monster count
 F = Vault count percentage of total count
                 A         B        C        D         E       F
            +---------+---------+-------+---------+---------+-------
      Total |   14317 |    4664 |  24.6 |     179 |      45 |  20.1
            +---------+---------+-------+---------+---------+-------
        D:1 |      43 |       0 |   0.0 |      27 |       0 |   0.0
        D:2 |      52 |       0 |   0.0 |      16 |       0 |   0.0
        D:3 |      76 |     134 |  63.8 |      14 |       9 |  39.1
        D:4 |     237 |     287 |  54.8 |      16 |      10 |  38.5
        D:5 |    1051 |     183 |  14.8 |      25 |       1 |   3.8
        D:6 |     442 |      52 |  10.5 |      15 |       7 |  31.8
        D:7 |     677 |     641 |  48.6 |      12 |       1 |   7.7
        D:8 |     332 |    2230 |  87.0 |      13 |      13 |  50.0
     Lair:1 |    7631 |     301 |   3.8 |      24 |       3 |  11.1
     Lair:2 |    3776 |     836 |  18.1 |      17 |       1 |   5.6
            +---------+---------+-------+---------+---------+-------
